 Dungeon Crawl Stone Soup version 0.22-a0-480-g991dd4b (webtiles) character file.

10344 Laiders72 the Fighter (level 11, -1/105 HPs)
             Began as a Minotaur Berserker on June 16, 2018.
             Was an Elder of Trog.
             Slain by an orc warrior
             ... wielding a +0 mace
              (8 damage)
             ... on level 10 of the Dungeon.
             The game lasted 00:19:06 (8793 turns).

Laiders72 the Fighter (Minotaur Berserker)          Turns: 8793, Time: 00:19:07

Health: -1/105     AC: 18    Str: 28    XL:     11   Next: 34%
Magic:  10/10      EV: 18    Int:  4    God:    Trog [****..]
Gold:   572        SH:  0    Dex: 17    Spells: 10/10 levels left

rFire    . . .     SeeInvis .   G - +1 great mace
rCold    . . .     Gourm    .   (shield currently unavailable)
rNeg     . . .     Faith    .   i - +0 plate armour
rPois    .         Spirit   .   (helmet restricted)
rElec    .         Reflect  .   (no cloak)
rCorr    .         Harm     .   s - +0 pair of gloves
MR       .....                  H - +2 pair of boots
Stlth    ..........             (no amulet)
HPRegen  0.27/turn              h - +5 ring of dexterity
MPRegen  0.12/turn              v - +5 ring of evasion

@: mighty, berserk cooldown, slowed, very slow
A: retaliatory headbutt, horns 2
a: Berserk, Trog's Hand, Brothers in Arms, Renounce Religion


You were on level 10 of the Dungeon.
You worshipped Trog.
Trog was greatly pleased with you.
You were not hungry.

You visited 1 branch of the dungeon, and saw 10 of its levels.
You also visited: Bailey.

You collected 572 gold pieces.

Inventory:

Hand Weapons
 q - a +0 flail
 G - a +1 great mace (weapon)
Missiles
 o - a javelin
 r - 6 tomahawks
 B - 49 tomahawks of returning (quivered)
Armour
 i - a +0 plate armour (worn)
 s - a +0 pair of gloves (worn)
 H - a +2 pair of boots (worn)
Jewellery
 h - a +5 ring of dexterity (left hand)
 t - a +4 ring of intelligence
 v - a +5 ring of evasion (right hand)
Wands
 a - a wand of disintegration (11)
 n - a wand of paralysis (4)
 y - a wand of scattershot (4)
 C - a wand of clouds (5)
Scrolls
 b - 5 scrolls of teleportation
 d - 4 scrolls of magic mapping
 f - a scroll of immolation {unknown}
 k - a scroll of fog
 p - a scroll of blinking {unknown}
 w - a scroll of fear {unknown}
 D - 2 scrolls of remove curse {unknown}
 E - 3 scrolls of enchant weapon
Potions
 g - 2 potions of lignification
 l - 2 potions of agility
 m - 6 potions of curing
 x - a potion of haste {unknown}
 z - 2 potions of brilliance {unknown}
 F - a potion of berserk rage {unknown}
Miscellaneous
 u - a phial of floods
Comestibles
 c - 20 rations


   Skills:
 * Level 12.6 Fighting
 * Level 12.6 Maces & Flails
 + Level 9.1 Armour
 + Level 8.3 Dodging


You had 10 spell levels left.
You didn't know any spells.
Your spell library was empty.

Dungeon Overview and Level Annotations

Branches:
Dungeon (10/15)            Temple (0/1) D:4
   Lair: D:8-11         Orc: D:9-12

Altars:
Ashenzari
Fedhas
Nemelex Xobeh
Okawaru
Ru
Uskayaw
Xom
The Shining One

Shops:
D:5 }


Innate Abilities, Weirdness & Mutations

You reflexively headbutt those who attack you in melee.
You have a pair of horns on your head.


Message History

You feel less resistant to hostile enchantments.
The orc warrior hits you with a mace!
* * * LOW HITPOINT WARNING * * *
You hit the orc warrior.
The orc warrior is lightly wounded.
The orc warrior hits you with a mace!
* * * LOW HITPOINT WARNING * * *
You closely miss the orc warrior.
The orc warrior is lightly wounded.
The orc warrior hits you but does no damage.
The orc warrior barely misses you. The orc warrior hits you with a mace.
* * * LOW HITPOINT WARNING * * *
Okay, then.
There isn't anything here!
Your ogre goes berserk!
You feel somewhat more hungry. Trog will no longer gift you weapons.
The orc completely misses you. The orc warrior hits you with a mace!
You die...

#.# ..)...# #.#
.))#. #.# <..
#.###### #)#
.......# #†# #
.......# #(#.#
######.#
######.#.# #.#
#...Ooo).# #.#
#.####@###
######.####.# #(#
............# #.#
.###.............#
#.#.###########
#...# .....#
##..## #..


You could see an orc warrior, an orc and a friendly ogre (berserk).

Vanquished Creatures
  Erolcha (D:10)
  5 death yaks (D:10)
  A manticore (D:9)
  A gargoyle (D:9)
  A komodo dragon (D:10)
  The ghost of mortelune the Conjurer, a novice DEFE (D:4)
  A hippogriff (D:9)
  A spriggan (D:7)
  A wyvern (D:10)
  A hungry ghost (D:8)
  Duvessa (D:5)
  A sky beast (D:6)
  6 orc warriors
  2 black bears
  3 phantoms
  4 ice beasts
  4 ogres
  A necrophage (D:9)
  3 centaurs
  7 bullfrogs
  2 scorpions
  Dowan (D:5)
  2 water moccasin skeletons
  10 killer bees
  3 wights (D:7)
  3 howler monkeys
  8 crimson imps
  6 hounds
  4 orc priests
  2 centaur skeletons
  A jelly (D:5)
  10 orc wizards
  An iguana (D:7)
  Jessica (D:3)
  3 bullfrog skeletons
  Natasha (thrice) (D:2 D:3)
  6 worker ants
  A hound zombie (D:7)
  A hound skeleton (D:4)
  8 adders
  7 gnolls
  2 shadow imps
  3 oozes
  2 adder zombies
  A worm (D:2)
  2 leopard geckos
  28 orcs
  4 bats
  3 giant cockroaches
  16 goblins
  8 hobgoblins
  14 jackals
  6 quokkas
  A ball python skeleton (D:4)
  7 frilled lizards
  A jackal zombie (D:5)
  12 kobolds
  2 leopard gecko zombies (D:6)
  2 rats
243 creatures vanquished.

Vanquished Creatures (collateral kills)
  3 orcs (D:10)
3 creatures vanquished.

Grand Total: 246 creatures vanquished

Notes
Turn   | Place    | Note
-------+----------+-------------------------------------------
     0 | D:1      | Laiders72 the Minotaur Berserker began the quest for the Orb.
     0 | D:1      | Reached XP level 1. HP: 19/19 MP: 0/0
    61 | D:1      | Found a sparkling altar of Nemelex Xobeh.
   305 | D:1      | Reached XP level 2. HP: 23/27 MP: 1/1
   892 | D:2      | Noticed Natasha
   901 | D:2      | Killed Natasha
   901 | D:2      | Reached XP level 3. HP: 15/34 MP: 2/2
  1177 | D:2      | Reached ** piety under Trog
  1179 | D:2      | Reached XP level 4. HP: 40/41 MP: 3/3
  1679 | D:2      | HP: 1/41 [gnoll/halberd (11)]
  2124 | D:3      | Noticed Jessica
  2129 | D:3      | Reached skill level 5 in Fighting
  2129 | D:3      | Reached skill level 5 in Maces & Flails
  2129 | D:3      | Reached XP level 5. HP: 48/48 MP: 4/4
  2141 | D:3      | Killed Jessica
  2297 | D:3      | Noticed Natasha
  2303 | D:3      | Killed Natasha
  2308 | D:3      | Found a sacrificial altar of Ru.
  2437 | D:3      | Noticed Natasha
  2442 | D:3      | Killed Natasha
  3019 | D:3      | Reached XP level 6. HP: 53/56 MP: 5/5
  3275 | D:4      | Noticed mortelune's ghost (novice DEFE)
  3287 | D:4      | Killed mortelune's ghost
  3459 | D:4      | Found a shattered altar of Ashenzari.
  3483 | D:4      | Found a staircase to the Ecumenical Temple.
  3487 | D:4      | Found a glowing golden altar of the Shining One.
  3513 | D:4      | Reached XP level 7. HP: 63/63 MP: 6/6
  3824 | D:4      | Found an iron altar of Okawaru.
  3840 | D:4      | Reached *** piety under Trog
  4019 | D:5      | Entered Level 5 of the Dungeon
  4044 | D:5      | Noticed Dowan
  4046 | D:5      | Noticed Duvessa
  4052 | D:5      | Killed Dowan
  4059 | D:5      | Killed Duvessa
  4207 | D:5      | Reached skill level 5 in Armour
  4259 | D:5      | Found Juem's Gadget Shoppe.
  4307 | D:5      | Reached XP level 8. HP: 66/73 MP: 7/7
  4668 | D:6      | Reached skill level 5 in Dodging
  5048 | D:6      | Reached **** piety under Trog
  5219 | D:6      | Reached XP level 9. HP: 80/83 MP: 8/8
  5476 | D:7      | Found a blossoming altar of Fedhas.
  5496 | D:7      | Found a flagged portal.
  5580 | Bailey   | Entered a bailey
  5760 | Bailey   | Found a bloodstained altar of Trog.
  5990 | D:7      | Reached skill level 10 in Fighting
  5990 | D:7      | Reached skill level 10 in Maces & Flails
  6064 | D:7      | Found a shimmering altar of Xom.
  6119 | D:7      | Reached ***** piety under Trog
  6911 | D:8      | Reached XP level 10. HP: 94/94 MP: 9/9
  7125 | D:8      | Found a hide-covered altar of Uskayaw.
  8155 | D:9      | Noticed a gargoyle
  8164 | D:9      | Killed a gargoyle
  8288 | D:9      | Noticed a manticore
  8296 | D:9      | Killed a manticore
  8548 | D:10     | Entered Level 10 of the Dungeon
  8548 | D:10     | Noticed Erolcha
  8553 | D:10     | Killed Erolcha
  8740 | D:10     | Noticed a death yak
  8746 | D:10     | Noticed a death yak
  8747 | D:10     | Noticed a death yak
  8748 | D:10     | Noticed a death yak
  8748 | D:10     | Noticed a death yak
  8758 | D:10     | Killed a death yak
  8758 | D:10     | Reached XP level 11. HP: 71/104 MP: 10/10
  8765 | D:10     | Killed a death yak
  8772 | D:10     | Killed a death yak
  8777 | D:10     | Killed a death yak
  8787 | D:10     | Killed a death yak
  8793 | D:10     | Slain by an orc warrior

Vault maps used:
D:1:      minmay_arrival_pointy, nemelex_xobeh_ov_fountains_minmay
D:2:      first_ration, uniq_natasha
D:3:      mumra_celtic_spiral_tile, nicolae_ru_awakened_eye, dk_noncrumbling_3,
          uniq_jessica
D:4:      kennysheep_okawaru_gauntlet, ashenzari_altar_1, tso_metal_star,
          minmay_temple_entry_trees
D:5:      serial_shops, nicolae_shop_window_shopping, uniq_duvessa
D:7:      kennysheep_spiral_hall, lemuel_doored_altar, enter_bailey_5,
          basic_altar, the_bakery
D:8:      nicolae_overflow_crystal_walls
D:10:     dpeg_lair_monsters, uniq_urug, uniq_erolcha
Bailey:   bailey_axe_3, bailey

Skill      XL: |  1  2  3  4  5  6  7  8  9 10 11 |
---------------+----------------------------------+-----
Maces & Flails | 4 5 6 7 9 10 12 | 12.6
Fighting       | 4 5 6 7 9 10 12 | 12.6
Armour         | 3 4 5 6 7 8 9 |  9.1
Dodging        | 3 4 5 6 7 8 |  8.3

Action                   |  1- 3 |  4- 6 |  7- 9 | 10-12 || total
-------------------------+-------+-------+-------+-------++-------
Melee: Mace              |    41 |    22 |       |       ||    63
       Headbutt          |     9 |    12 |    89 |    46 ||   156
       Flail             |       |    45 |   329 |    43 ||   417
       Great mace        |       |       |       |   121 ||   121
Throw: Javelin           |       |       |     3 |       ||     3
Invok: Berserk           |       |     1 |     2 |     4 ||     7
       Trog's Hand       |       |     1 |     1 |     4 ||     6
       Brothers in Arms  |       |       |       |     4 ||     4
  Use: Scroll            |       |     3 |     6 |     4 ||    13
       Potion            |       |       |     3 |     2 ||     5
  Eat: Chunk             |     1 |     2 |     9 |     9 ||    21
       Ration            |       |     2 |     1 |     2 ||     5
Armor: Animal skin       |     2 |       |       |       ||     2
       Plate armour      |    10 |    50 |   168 |    68 ||   296
Dodge: Dodged            |    17 |    28 |   336 |   185 ||   566

Table legend:
 A = Spawn XP
 B = Non-spawn XP
 C = Spawn XP percentage of total XP
 D = Spawn monster count
 E = Non-spawn monster count
 F = Spawn count percentage of total count
 G = Total turns spent on level
                    A         B        C        D         E        F      G
               +---------+---------+-------+---------+---------+-------+---------
         Total |       0 |   14778 |   0.0 |       0 |     246 |   0.0 |  8793
               +---------+---------+-------+---------+---------+-------+---------
           D:1 |       0 |      26 |   0.0 |       0 |      13 |   0.0 |   852
           D:2 |       0 |     130 |   0.0 |       0 |      19 |   0.0 |   968
           D:3 |       0 |     231 |   0.0 |       0 |      15 |   0.0 |  1416
           D:4 |       0 |     562 |   0.0 |       0 |      22 |   0.0 |   783
           D:5 |       0 |     704 |   0.0 |       0 |      13 |   0.0 |   901
           D:6 |       0 |    1307 |   0.0 |       0 |      33 |   0.0 |   519
           D:7 |       0 |    1756 |   0.0 |       0 |      39 |   0.0 |   990
           D:8 |       0 |    1341 |   0.0 |       0 |      27 |   0.0 |   820
           D:9 |       0 |    2308 |   0.0 |       0 |      25 |   0.0 |   931
          D:10 |       0 |    5997 |   0.0 |       0 |      24 |   0.0 |   245
        Bailey |       0 |     416 |   0.0 |       0 |      16 |   0.0 |   368
               +---------+---------+-------+---------+---------+-------+---------
